 Dungeon Crawl Stone Soup version 0.29.1-15-g9cfb28693d (webtiles) character file.

Game seed: 2841816568643515167

2797 Silvore the Cleaver (level 9, -9/69 HPs)
             Began as a Demonspawn Monk on Apr 30, 2023.
             Was a Believer of Uskayaw.
             Mangled by Erolcha
             ... wielding a +0 giant club
              (29 damage)
             ... on level 9 of the Dungeon.
             The game lasted 00:16:17 (9467 turns).

Silvore the Cleaver (Demonspawn Monk)               Turns: 9467, Time: 00:16:18

Health: -9/69      AC: 15    Str: 12    XL:     9   Next: 43%
Magic:  9/9        EV: 15    Int: 12    God:    Uskayaw [**....]
Gold:   494        SH:  4    Dex: 25    Spells: 8/8 levels left

rFire   . . .      SeeInvis .   i - +6 executioner's axe of Doom {freeze, rPois rN+ Dex+6}
rCold   . . .      Faith    .   (shield currently unavailable)
rNeg    + . .      Spirit   .   w - +0 steam dragon scales
rPois   +          Reflect  .   (no helmet)
rElec   .          Harm     .   (no cloak)
rCorr   .          Rampage  .   (no gloves)
Will    .....                   f - +1 pair of boots
Stlth   +++.......              x - amulet of regeneration
HPRegen 1.01/turn               t - ring of poison resistance
MPRegen 0.11/turn               (no ring)

@: no status effects
A: hooves 2, icemail 2, condensation shield, demonic magic 2
a: Renounce Religion, Stomp, Line Pass


You were on level 9 of the Dungeon.
You worshipped Uskayaw.
Uskayaw was noncommittal.
You visited 2 branches of the dungeon, and saw 10 of its levels.
You also visited: Ossuary.

You collected 494 gold pieces.

Inventory:

Hand Weapons
 a - a +0 hand axe
 i - the +6 executioner's axe of Doom (weapon) {freeze, rPois rN+ Dex+6}
   (You acquired it on level 3 of the Dungeon)

   It freezes those it strikes, dealing additional cold damage.
   It can also slow down cold-blooded creatures.
   Dex:       It affects your dexterity (+6).
   rPois:     It protects you from poison.
   rN:        It protects you from negative energy.
Missiles
 E - a throwing net (quivered)
Armour
 b - a +0 robe
 d - a +0 leather armour
 f - a +1 pair of boots (worn)
 l - a +0 ring mail
 w - +0 steam dragon scales (worn)
Jewellery
 e - a ring of magical power
 t - a ring of poison resistance (left hand)
 u - an amulet of reflection
 x - an amulet of regeneration (around neck)
Wands
 q - a wand of mindburst (6)
 r - a wand of flame (47)
 y - a wand of acid (9)
 D - a wand of iceblast (10)
 G - a wand of digging (5)
Scrolls
 j - 2 scrolls of fog
 p - 3 scrolls of teleportation
 v - a scroll of fear
 A - a scroll of summoning
 B - 2 scrolls of amnesia
 C - a scroll of blinking
Potions
 c - a potion of invisibility {unknown}
 g - 3 potions of degeneration
 h - a potion of lignification {unknown}
 k - 3 potions of cancellation
 m - 6 potions of curing
 n - 2 potions of flight {unknown}
 o - 2 potions of ambrosia
 s - 4 potions of brilliance
 z - 2 potions of heal wounds
 F - a potion of might {unknown}


   Skills:
 + Level 5.6 Fighting
 + Level 9.4 Axes
 + Level 3.2 Armour
 + Level 4.3 Dodging
 + Level 3.7 Stealth
 + Level 2.6 Shields


You had 8 spell levels left.
You didn't know any spells.
Your spell library contained the following spells:

 Spells                   Type           Power      Damage    Failure   Level
 Beastly Appendage        Tmut           0%         N/A       32%         1
 Necrotise                Necr           0%         1d4       32%         1
 Blink                    Tloc           0%         N/A       45%         2
 Sublimation of Blood     Necr           0%         N/A       45%         2
 Wereblood                Tmut           0%         N/A       45%         2
 Gell's Gravitas          Tloc           0%         N/A       69%         3
 Lesser Beckoning         Tloc           0%         N/A       69%         3
 Spider Form              Tmut/Pois      0%         N/A       69%         3
 Teleport Other           Tloc           0%         N/A       69%         3
 Anguish                  Hex/Necr       0%         N/A       97%         4
 Animate Dead             Necr           0%         N/A       97%         4
 Manifold Assault         Tloc           0%         N/A       100%        5
 Dispersal                Tloc           0%         N/A       100%        6


Dungeon Overview and Level Annotations

Branches:
Dungeon (9/15)             Temple (1/1) D:5         Ossuary (visited)
   Lair: D:8-11         Orc: D:9-12

Altars:
Ashenzari
Cheibriados
Dithmenos
Fedhas
Gozag
Hepliaklqana
Kikubaaqudgha
Makhleb
Nemelex Xobeh
Okawaru
Qazlal
Ru
Sif Muna
Trog
Uskayaw
Vehumet
Wu Jian
Xom
Yredelemnul

Annotations:
D:9 Erolcha


Innate Abilities, Weirdness & Mutations

You have hoof-like feet.
A meltable icy envelope protects you from harm. (AC +8)
A meltable shield of frost defends you. (SH +4)
Spells you cast may paralyse nearby enemies.


Message History

An orc warrior comes into view. It is wielding a +0 glaive.
An orc warrior is nearby!
An orc warrior opens the door.
Erolcha the Cunning comes into view.
She is wielding a +0 giant club.
Erolcha shouts!
The orc warrior shouts!
You hear a shout!
Erolcha moves out of view.
You hear a shout!
You hear a shout!
The orc warrior misses you.
You hear a shout!
An orc priest and an orc come into view.
The orc shouts!
You hear a shout! x3
The orc warrior hits you but does no damage.
You closely miss the orc warrior.
The orc warrior hits you with a +0 glaive!
You hit the orc warrior but do no damage.
The orc warrior hits you but does no damage.
Erolcha casts a spell.
Erolcha flickers and vanishes!
Deactivating autopickup; reactivate with Ctrl-A.
The orc warrior hits you with a +0 glaive.
The orc hits you but does no damage.
You slash something! You freeze something. You barely miss the orc.
You slash the orc warrior! You freeze the orc warrior. Something hits you!
The orc warrior hits you with a +0 glaive!
The orc barely misses you.
You slash something! You freeze something.
You hit the orc warrior but do no damage.
You barely miss the orc. The orc barely misses you. Something hits you.
You can now pass through a line of other dancers.
Unknown command.
You barely miss the orc warrior.
The orc warrior is heavily wounded.
You slash something! You freeze something. You slash the orc!
You freeze the orc.
You kill the orc!
The orc warrior hits you with a +0 glaive!!
* * * LOW HITPOINT WARNING * * *
Something hits you!!
You die...

#...# .. #...# ...
#...# ...########...#
..
....)........#######...
......................
#......###..........
+.{o...# #..........
#.o@...# #..........
....'.)#####
#.......... ....#..
#.......... ##. #..
#.......... #..
###........ ...
#........ ....
#........ ....
#........
#######........


You could see an orc warrior and an orc priest.

Vanquished Creatures
  The ghost of booth the Chopper, an amateur DsGl of Cheibriados (D:5)
  2 steam dragons
  A water moccasin (D:8)
  Duvessa (D:6)
  An orc warrior (D:8)
  A black bear (D:5)
  An ogre (D:6)
  A centaur (D:4)
  A phantom (D:6)
  3 elf zombies (Ossuary)
  A kobold brigand (D:7)
  A scorpion (D:4)
  7 wights (D:8)
  Dowan (D:6)
  A howler monkey (D:6)
  3 centaur zombies (Ossuary)
  3 jellies
  A gnoll bouda (D:6)
  4 hounds
  5 orc priests
  2 iguanas (D:5)
  6 orc wizards
  2 mummies (Ossuary)
  3 gnolls (D:6)
  7 adders
  3 shadow imps
  2 white imps (D:7)
  An ufetubus (D:5)
  2 adder zombies (Ossuary)
  5 worms
  A dart slug (D:3)
  24 orcs
  8 endoplasms
  2 giant cockroaches
  11 goblins
  10 hobgoblins
  16 kobolds
  5 quokkas
  2 training dummies (D:6)
  3 ball pythons (D:1)
  6 bats
  3 frilled lizards
  A goblin zombie (Ossuary)
  8 hobgoblin zombies (Ossuary)
  A jackal zombie (Ossuary)
  13 kobold zombies (Ossuary)
  5 orc zombies (Ossuary)
  6 rats
  A rat zombie (Ossuary)
199 creatures vanquished.

Vanquished Creatures (others)
  2 orcs (D:8)
  2 fungi
  10 plants
14 creatures vanquished.

Grand Total: 213 creatures vanquished

Notes
Turn   | Place    | Note
-------+----------+-------------------------------------------
     0 | D:1      | Silvore the Demonspawn Monk began the quest for the Orb.
     0 | D:1      | Reached XP level 1. HP: 18/18 MP: 1/1
   409 | D:1      | Gained mutation: A meltable shield of frost defends you.
                  | (SH +4) [demonic ancestry]
   409 | D:1      | Reached XP level 2. HP: 23/24 MP: 2/2
   656 | D:1      | Reached skill level 3 in Axes
   918 | D:1      | Found a faded altar of an unknown god.
  1034 | D:1      | Prayed at the altar of an unknown god.
  1034 | D:1      | Became a worshipper of Kikubaaqudgha
  1034 | D:1      | Reached * piety under Kikubaaqudgha
  1034 | D:1      | Received a gift from Kikubaaqudgha
  1034 | D:1      | Reached ** piety under Kikubaaqudgha
  1035 | D:1      | Fell from the grace of Kikubaaqudgha
  1130 | D:2      | Gained mutation: You have large cloven feet. [demonic
                  | ancestry]
  1130 | D:2      | Reached XP level 3. HP: 25/29 MP: 3/3
  2306 | D:3      | Gained mutation: Spells you cast may paralyse adjacent
                  | enemies. [demonic ancestry]
  2306 | D:3      | Reached XP level 4. HP: 15/35 MP: 4/4
  2517 | D:3      | Identified a scroll of acquirement
  2517 | D:3      | Acquired the +6 executioner's axe of Doom {freeze, rPois
                  | rN+ Dex+6}
  2978 | D:3      | Reached skill level 1 in Armour
  3053 | D:4      | Identified the +0 ring mail of Supple Strength {Int+2}
  3078 | D:4      | Found a sand-covered staircase.
  3083 | Ossuary  | Entered an ossuary
  3188 | Ossuary  | Reached skill level 4 in Axes
  3188 | Ossuary  | Gained mutation: Spells you cast may paralyse nearby
                  | enemies. [demonic ancestry]
  3188 | Ossuary  | Reached XP level 5. HP: 30/42 MP: 5/5
  3194 | Ossuary  | Reached skill level 1 in Shields
  3206 | Ossuary  | Reached XP level 6. HP: 24/48 MP: 6/6
  3215 | Ossuary  | Reached skill level 5 in Axes
  3830 | D:4      | Gained mutation: You have hoof-like feet. [demonic
                  | ancestry]
  3830 | D:4      | Reached XP level 7. HP: 54/54 MP: 7/7
  4047 | D:4      | Reached skill level 6 in Axes
  4289 | D:5      | Entered Level 5 of the Dungeon
  4406 | D:5      | Found a staircase to the Ecumenical Temple.
  4420 | Temple   | Entered the Ecumenical Temple
  4704 | Temple   | Became a worshipper of Uskayaw the Reveller
  4725 | D:5      | Reached * piety under Uskayaw
  4861 | D:5      | Reached ** piety under Uskayaw
  4987 | D:5      | Reached *** piety under Uskayaw
  5438 | D:5      | Found a runed translucent door.
  5438 | D:5      | Noticed booth's ghost (amateur DsGl)
  5451 | D:5      | Killed booth's ghost
  5452 | D:5      | Reached skill level 7 in Axes
  5452 | D:5      | Gained mutation: A meltable icy envelope protects you from
                  | harm. (AC +8) [demonic ancestry]
  5452 | D:5      | Reached XP level 8. HP: 27/61 MP: 8/8
  6201 | D:5      | Was forgiven by Kikubaaqudgha
  6587 | D:6      | Noticed Duvessa
  6587 | D:6      | Noticed Dowan
  6598 | D:6      | Killed Dowan
  6603 | D:6      | Killed Duvessa
  7104 | D:6      | Reached skill level 5 in Fighting
  7570 | D:6      | Reached skill level 8 in Axes
  8123 | D:7      | Found a faded altar of an unknown god.
  8123 | D:7      | Found a sacrificial altar of Ru.
  8131 | D:7      | Found a burning altar of Makhleb.
  8133 | D:7      | Found a broken altar of Ashenzari.
  8135 | D:7      | Found a faded altar of an unknown god.
  8279 | D:7      | Found a hazy altar of Hepliaklqana.
  8331 | D:7      | You fall into a shaft and drop 1 floor!
  8457 | D:7      | Gained mutation: A meltable icy envelope protects you from
                  | harm. (AC +8) [demonic ancestry]
  8457 | D:7      | Reached XP level 9. HP: 68/68 MP: 9/9
  8927 | D:8      | Reached **** piety under Uskayaw
  8928 | D:8      | Reached skill level 9 in Axes
  9460 | D:9      | Noticed Erolcha
  9467 | D:9      | Mangled by Erolcha

Illustrated notes

Levels and vault maps discovered:
D:1:      wheals_arrival_shading, layout_loops_cross,
          shapermc_ecumenical_altar_hornbeckon
D:2:      layout_rooms, serial_bayou_pond_b, minmay_misc_feat_x,
          grunt_decor_cap, kennysheep_minor_cross
D:3:      layout_rooms, grunt_ministairs_1
D:4:      layout_gridville, enter_ossuary_2
D:5:      wander_river, layout_basic, minmay_temple_entry_overgrown,
          gammafunk_ghost_grave
D:6:      dreamdust_elfheim, layout_basic, grunt_ministairs_15,
          lemuel_flame_loot_1
D:7:      layout_basic, chequers_temple_overflow_minitemple,
          nicolae_overflow_crystal_walls
D:8:      layout_gridville, dk_rats_in_the_wall
D:9:      layout_irregular_city, minmay_lair_entry_grove, uniq_erolcha,
          uniq_grum
Temple:   nicolae_temple_two_arcs

Skill      XL: |  1  2  3  4  5  6  7  8  9 |
---------------+----------------------------+-----
Dodging        | 3 4 |  4.3
Axes           | 3 4 5 7 8 9 |  9.4
Stealth        | 2 3 |  3.7
Armour         | 1 2 3 |  3.2
Shields        | 1 2 |  2.6
Fighting       | 4 5 |  5.6

Action                   |  1- 3 |  4- 6 |  7- 9 || total
-------------------------+-------+-------+-------++-------
Melee: Hand axe          |   136 |     9 |       ||   145
       Punch             |     4 |     1 |       ||     5
       Executioner's axe |       |   122 |   164 ||   286
Invok: Renounce Religion |     1 |       |       ||     1
       Line Pass         |       |       |     1 ||     1
  Use: Scroll            |     4 |     7 |     6 ||    17
       Potion            |       |     1 |     1 ||     2
 Stab: Sleeping          |     5 |     4 |     7 ||    16
       Paralysed         |       |       |     5 ||     5
Armor: Leather armour    |    37 |     1 |       ||    38
       Robe              |     2 |       |       ||     2
       Ring mail         |       |    77 |    41 ||   118
       Steam dragon scal |       |       |    29 ||    29
Dodge: Dodged            |    90 |    99 |   148 ||   337
Block: Other             |    26 |    30 |    50 ||   106
